Map: Cyber Forest LE

Players

NullObject

  • Race: Protoss Protoss
  • League: Platinum
  • Spawn Location: 5:00

goldenbat - Winner!

  • Race: Terran Terran
  • League: Platinum
  • Spawn Location: 11:00

VOD

Have the link to the VOD?

Description

Time

  • Played on: May 31, 2019, 11:17 a.m.
  • Length: 10:13
Show
View Real Time Build Order
Export as new Build Order

NullObject Protoss 

Build Orders:  

Get SALT Encoding   

  12  0:01  Probe  
  13  0:13  Probe  
  14  0:20  Pylon  
  14  0:25  Probe  
  15  0:39  Gateway  
  15  0:44  Probe  
  16  0:50  Assimilator  
  16  0:54  Assimilator  
  16  0:55  Probe  
  16  1:03  Probe  
  18  1:13  Probe  
  19  1:21  Probe  
  20  1:28  Cybernetics Core  
  20  1:35  Probe  
  22  1:47  Probe  
  22  1:59  Probe  
  23  2:03  Gateway  
  23  2:08  Warp Gate  
  23  2:13  Pylon  
  23  2:21  Stalker  
  23  2:23  Pylon  
  23  2:31  Probe  
  26  2:43  Probe  
  27  2:51  Stalker  
  29  2:55  Probe  
  30  3:00  Sentry  
  32  3:07  Probe, Nexus  
  32  3:11  Forge  
  33  3:19  Probe  
  34  3:24  Protoss Ground Weapons Level 1  
  34  3:28  Shield Battery  
  34  3:35  Stalker  
  34  3:39  Pylon  
  34  3:40  Probe  
  37  3:52  Twilight Council, Probe  
  38  4:04  Probe  
  39  4:10  Gateway  
  39  4:13  Probe  
  40  4:21  Probe  
  40  4:23  Pylon  
  40  4:27  Probe  
  42  4:32  Sentry  
  42  4:34  Sentry  
  42  4:38  Assimilator  
  46  4:39  Assimilator  
  46  4:40  Blink  
  46  4:41  Probe  
  47  4:52  Photon Cannon  
  47  4:54  Probe  
  47  4:56  Probe  
  49  5:02  Stalker  
  49  5:06  Probe  
  52  5:08  Probe  
  52  5:09  Robotics Facility  
  53  5:18  Stalker  
  53  5:19  Probe  
  53  5:20  Probe  
  57  5:30  Stalker  
  57  5:31  Stalker  
  57  5:32  Protoss Ground Armor Level 1  
  61  5:37  Shield Battery  
  61  5:42  Shield Battery  
  55  5:57  Stalker  
  47  6:13  Stalker x2  
  45  6:23  Stalker  
  31  6:39  Stalker x2  
  35  6:52  Stalker  
  29  7:04  Stalker x2  
  32  7:18  Probe x2  
  30  7:26  Stalker  
  28  7:31  Probe x2  
  29  7:42  Stalker x2  
  31  7:56  Stalker  
  33  8:00  Probe  
  34  8:08  Probe  
  34  8:09  Stalker  
  37  8:16  Dark Shrine  
  37  8:20  Probe  
  37  8:23  Probe  
  39  8:32  Probe  
  39  8:36  Probe  
  39  8:39  Stalker  
  39  8:40  Stalker  
  39  8:41  Stalker  
  31  9:07  Stalker x3  
  12  9:31  Dark Templar  
  8  9:54  Zealot x2  
Show
View Real Time Build Order
Export as new Build Order

goldenbat Terran - Winner!

Build Orders:  

Get SALT Encoding   

  12  0:01  SCV  
  13  0:18  SCV, Supply Depot  
  14  0:30  SCV  
  15  0:43  Barracks  
  15  0:44  Refinery  
  15  0:46  SCV  
  16  0:58  SCV  
  17  1:10  SCV  
  18  1:22  SCV  
  19  1:34  SCV  
  19  1:36  Barracks Reactor  
  20  1:45  Command Center  
  20  1:54  Orbital Command  
  20  2:08  Supply Depot  
  20  2:13  Marine x2  
  22  2:23  Barracks  
  22  2:31  Marine  
  23  2:37  Barracks  
  23  2:47  SCV  
  23  2:48  Marine  
  23  2:49  Marine  
  26  2:56  Orbital Command  
  26  3:00  SCV  
  27  3:11  Barracks Tech Lab  
  27  3:13  Marine x2  
  27  3:16  SCV  
  30  3:25  Barracks Tech Lab  
  30  3:29  SCV  
  30  3:30  SCV  
  30  3:34  Supply Depot  
  32  3:36  Marine x2  
  32  3:40  Marauder  
  36  3:43  SCV x2  
  36  3:44  Combat Shield  
  38  3:51  Marauder  
  38  3:54  Marine x2  
  43  3:55  SCV  
  43  3:56  SCV  
  43  4:00  Stimpack  
  44  4:03  Supply Depot  
  44  4:05  Marauder  
  44  4:09  SCV  
  47  4:10  SCV  
  47  4:12  Marine x2  
  47  4:16  Marauder  
  52  4:23  SCV x2  
  54  4:26  Supply Depot  
  54  4:29  Marauder  
  54  4:30  Marine x2  
  58  4:38  SCV x2, Marauder  
  62  4:47  Marine  
  62  4:48  Marine  
  62  4:49  Supply Depot  
  62  4:50  SCV x2, Marauder  
  68  4:59  Marauder  
  70  5:03  Concussive Shells  
  70  5:10  Marine x2  
  70  5:11  SCV  
  73  5:19  Command Center, Factory  
  73  5:24  Marauder  
  73  5:25  Marine  
  76  5:28  Marine x2  
  78  5:45  Marine  
  78  5:46  Marine  
  78  5:47  Marine  
  78  5:49  Marauder  
  70  6:03  Marauder  
  70  6:04  Marine  
  70  6:10  Marauder  
  64  6:31  Marine  
  64  6:32  Marauder x2, Marine  
  66  6:53  Marauder x2  
  66  7:02  Marine x2  
  68  7:14  Marauder  
  68  7:15  Marauder  
  68  7:20  Marine  
  65  7:36  Marauder x2  
  57  7:47  Marine  
  57  7:48  Marine  
  57  7:57  Marauder x2  
  61  8:02  Barracks  
  61  8:05  Barracks  
  61  8:07  Barracks  
  61  8:08  Barracks  
  61  8:10  Barracks, Engineering Bay  
  61  8:11  Barracks, Engineering Bay  
  61  8:12  Refinery, Barracks  
  61  8:19  Marauder x2  
  65  8:20  Marine x2  
  65  8:22  SCV x2  
  65  8:24  Refinery x2  
  69  8:37  Marine  
  69  8:38  Marine  
  69  8:39  Marine  
  69  8:40  Marauder  
  67  8:58  Marauder  
  64  9:15  Marine  
  64  9:16  Marauder, Marine x2  
  69  9:19  Marauder  
  58  10:08  Barracks Tech Lab  
Tags
 
Add a new tag
Caveats
  • Supply blocks, unpowered buildings, or Contaminate may cause inaccurate times.
  • Supply counts are checked every 10 seconds.